 Dungeon Crawl Stone Soup version 0.20.1-1-g8b1a95d (webtiles) character file.

107 Irenicus the Insei (level 4, -4/31 HPs)
             Began as an Octopode Chaos Knight on Oct 13, 2017.
             Killed from afar by an orc wizard (12 damage)
             ... with a magic dart
             ... on level 3 of the Dungeon.
             The game lasted 00:02:44 (1297 turns).

Irenicus the Insei (Octopode Chaos Knight)          Turns: 1297, Time: 00:02:45

Health: -4/31      AC:  1    Str: 11    XL:     4   Next: 85%
Magic:  4/4        EV: 13    Int: 14    God:    Xom [..*...]
Gold:   250        SH:  0    Dex: 12    Spells: 3/3 levels left

rFire    . . .     SeeInvis .     - Unarmed
rCold    . . .     Gourm    .   (no shield)
rNeg     . . .     Faith    .   (helmet restricted)
rPois    .         Spirit   .   (no amulet)
rElec    .         Reflect  .   (no ring)
rCorr    .         Harm     .   (no ring)
MR       .....                  (no ring)
Stlth    ++........             (no ring)
Regen    0.1/turn               (no ring)
MPRegen  0.1/turn               (no ring)
                                (no ring)
                                (no ring)

@: very slightly contaminated, invisible
A: almost no armour, stealthy swim, amphibious, 8 rings, constrict 8, camouflage
1, gelatinous body 1
a: Renounce Religion


You were on level 3 of the Dungeon.
You worshipped Xom.
You were a toy of Xom.
You were not hungry.

You visited 1 branch of the dungeon, and saw 3 of its levels.

You collected 250 gold pieces.

Inventory:

Wands
 q - a wand of confusion (39/48)
Scrolls
 c - 2 scrolls of enchant armour {unknown}
 d - a scroll of fear {unknown}
 e - 2 scrolls of remove curse {unknown}
 h - a scroll of enchant weapon {unknown}
 k - a scroll of random uselessness {unknown}
 l - a scroll of blinking {unknown}
 n - a scroll of recharging {unknown}
 o - a scroll of identify {unknown}
 p - a scroll of magic mapping {unknown}
Potions
 b - a potion of degeneration {unknown}
 g - a potion of ambrosia {unknown}
 j - a potion of lignification {unknown}
 m - a potion of curing {unknown}
Comestibles
 a - 2 bread rations
 f - a meat ration
 i - a royal jelly


   Skills:
 - Level 3.0 Fighting
 - Level 2.3 Dodging
 + Level 5.4 Unarmed Combat


You had 3 spell levels left.
You didn't know any spells.

Dungeon Overview and Level Annotations

Branches:
Dungeon (3/15)

Altars:


Innate Abilities, Weirdness & Mutations

You cannot wear most types of armour.
You are very stealthy in the water. (Stealth+)
You are amphibious.
You can wear up to eight rings at the same time.
You can use your tentacles to constrict eight enemies at once.
Your skin changes colour to match your surroundings (Stealth+).
Your rubbery body absorbs attacks. (AC +1, EV +1)


Message History

The orc shouts!
You bludgeon the orc!
You kill the orc!
The orc wizard gestures at you while chanting.
The magic dart hits you!
* * * LOW HITPOINT WARNING * * *
A hobgoblin comes into view.
It is wielding a club. "Go forth and cause havoc, mortal!"
You fade into invisibility!
You are very lightly contaminated with residual magic.
There is an open door here.
As you close the door, it creaks loudly!
You start resting.
An orc wizard opens the door.
It is wielding a dagger.
You catch the helpless orc wizard completely off-guard!
You tentacle-slap the orc wizard. Your grab misses the orc wizard.
The orc wizard is almost dead.
The orc wizard casts a spell at you. The magic dart hits you!
You die...

..#......^...#
....go.......#
......)(....(#
......)......#
...#####.##### .
#.)..# ######.#
#...##.# #..@##.#
#..o##.# +...'..#
#...##############
+...'............#
#...############.#
#####.........#
#.#
#.......#####.##
##.#
...##..#.........
.#.#


You could see an orc wizard.

Vanquished Creatures
  An orc wizard (D:3)
  2 adders (D:2)
  An ooze (D:1)
  2 dart slugs (D:1)
  2 orcs (D:3)
  7 bats
  2 giant cockroaches (D:1)
  10 goblins
  5 hobgoblins
  8 kobolds
  A quokka (D:2)
  3 frilled lizards (D:1)
  9 rats
  A fungus (D:2)
54 creatures vanquished.

Notes
Turn   | Place    | Note
-------+----------+-------------------------------------------
     0 | D:1      | Irenicus the Octopode Chaos Knight began the quest for the Orb.
     0 | D:1      | Reached XP level 1. HP: 16/16 MP: 1/1
    18 | D:1      | XOM: silly message
    76 | D:1      | XOM: harmless Chrm miscast
    97 | D:1      | XOM: harmless Fire miscast
    98 | D:1      | Reached XP level 2. HP: 14/21 MP: 2/2
   278 | D:1      | Reached skill level 4 in Unarmed Combat
   380 | D:1      | Reached XP level 3. HP: 26/26 MP: 3/3
   406 | D:1      | XOM: harmless Tmut miscast
   668 | D:1      | XOM: silly message
  1061 | D:2      | Reached XP level 4. HP: 27/31 MP: 4/4
  1135 | D:2      | Reached skill level 5 in Unarmed Combat
  1207 | D:3      | XOM: harmless Summ miscast
  1282 | D:3      | XOM: potion effect (invisibility)
  1297 | D:3      | Killed from afar by an orc wizard

Skill      XL: |  1  2  3  4 |
---------------+-------------+-----
Unarmed Combat | 4 5 |  5.4
Fighting       | |  3.0
Dodging        | |  2.3

Action                   |  1- 3 |  4- 6 || total
-------------------------+-------+-------++-------
Melee: Unarmed           |    90 |    26 ||   116
       Constrict         |    27 |     9 ||    36
       Tentacles         |    15 |     7 ||    22
       Punch             |     4 |       ||     4
 Stab: Sleeping          |       |     2 ||     2
       Invisible         |       |     1 ||     1
  Eat: Chunk             |       |     1 ||     1
Armor: Skin              |     8 |     1 ||     9
Dodge: Dodged            |    58 |    16 ||    74
